 Dungeon Crawl Stone Soup version 0.28.0-43-g3370ac3207 (webtiles) character file.

Game seed: 12635434415220925442

14958 Revguard the Fighter (level 11, -12/94 HPs)
             Began as a Pale Draconian Transmuter on Mar 14, 2022.
             Mangled by a stone giant (37 damage)
             ... on level 11 of the Dungeon.
             The game lasted 01:00:04 (13150 turns).

Revguard the Fighter (Pale Draconian Transmuter)   Turns: 13150, Time: 01:00:05

Health: -12/94     AC: 14    Str: 13    XL:     11   Next: 95%
Magic:  4/21       EV: 10    Int: 14    God:
Gold:   642        SH:  0    Dex: 15    Spells: 1/24 levels left

rFire   . . .      SeeInvis .     - Unarmed
rCold   . . .      Faith    .   (no shield)
rNeg    . . .      Spirit   .   (armour unavailable)
rPois   .          Reflect  .   (helmet restricted)
rElec   .          Harm     .   t - scarf {+Inv}
rCorr   .          Rampage  .   D - +1 pair of gloves
Will    .....                   s - +0 pair of boots
Stlth   +.........              (no amulet)
HPRegen 0.25/turn               h - ring of flight
MPRegen 0.17/turn               g - +4 ring of protection

@: about to teleport, short of breath, vertiginous, flying
A: breathe steam, AC +7, unfitting armour, cold-blooded, steam resistance, horns
1
a: Breathe Steam, Evoke Invisibility


You were on level 11 of the Dungeon.
You visited 2 branches of the dungeon, and saw 12 of its levels.
You also visited: Sewer.

You collected 642 gold pieces.

Inventory:

Missiles
 f - 3 throwing nets
Armour
 k - a +0 pair of gloves
 s - a +0 pair of boots (worn)
 t - a scarf of invisibility (worn)
 D - a +1 pair of gloves (worn)
Jewellery
 g - a +4 ring of protection (right hand)
 h - a ring of flight (left hand)
 i - a ring of positive energy
 n - an amulet of faith
 r - a +6 ring of dexterity
Wands
 o - a wand of charming (6)
 p - a wand of iceblast (2)
 C - a wand of flame (6)
Scrolls
 m - a scroll of amnesia
 q - a scroll of silence
 w - a scroll of fog
 z - a scroll of identify
 A - 2 scrolls of enchant weapon
Potions
 a - a potion of mutation
 b - 2 potions of attraction
 c - a potion of haste
 d - a potion of heal wounds
 e - 2 potions of might
 j - a potion of curing
 l - 3 potions of flight
 u - 2 potions of lignification
 v - a potion of cancellation
 x - a potion of ambrosia


   Skills:
 + Level 8.1 Fighting
 + Level 7.1 Dodging
 + Level 7.8 Unarmed Combat
 + Level 7.1 Spellcasting
 + Level 7.7 Transmutations
 + Level 5.8 Air Magic
 + Level 2.6 Earth Magic
 - Level 6.4 Poison Magic
 + Level 5.9 Evocations


You had one spell level left.
You knew the following spells:

 Your Spells              Type           Power      Damage    Failure   Level
a - Beastly Appendage     Tmut           52%        N/A       2%          1
b - Wereblood             Tmut           26%        N/A       3%          2
c - Spider Form           Tmut/Pois      24%        N/A       6%          3
d - Alistair's Intoxicat  Tmut/Pois      16%        N/A       36%         5
e - Ignite Poison         Fire/Tmut/Pois 18%        N/A       13%         3
f - Mephitic Cloud        Conj/Pois/Air  16%        N/A       16%         3
g - Statue Form           Tmut/Erth      12%        N/A       98%         6

Your spell library contained the following spells:

 Spells                   Type           Power      Damage    Failure   Level
 Shock                    Conj/Air       52%        1d6       10%         1
 Apportation              Tloc           10%        N/A       26%         1
 Magic Dart               Conj           20%        1d4       26%         1
 Swiftness                Air            21%        N/A       9%          3
 Static Discharge         Conj/Air       13%        N/A       13%         2
 Airstrike                Air            10%        N/A       24%         4
 Petrify                  Tmut/Erth      19%        N/A       30%         4
 Call Imp                 Summ           5%         N/A       36%         2
 Ice Form                 Ice/Tmut       15%        N/A       43%         4
 Lightning Bolt           Conj/Air       6%         1d18      86%         5
 Animate Dead             Necr           2%         N/A       89%         4
 Freezing Cloud           Conj/Ice/Air   5%         6-21      94%         5
 Borgnjor's Vile Clutch   Necr/Erth      4%         N/A       97%         5
 Metabolic Englaciation   Hex/Ice        2%         N/A       99%         5
 Death Channel            Necr           2%         N/A       100%        6
 Maxwell's Capacitive Co  Air            10%        ∞         100%        8


Dungeon Overview and Level Annotations

Branches:
Dungeon (11/15)            Temple (1/1) D:5            Lair (0/6) D:9
  Sewer (visited)
    Orc: D:9-12

Altars:
Ashenzari
Cheibriados
Dithmenos
Elyvilon
Fedhas
Gozag
Hepliaklqana
Kikubaaqudgha
Makhleb
Nemelex Xobeh
Okawaru
Qazlal
Ru
Sif Muna
Trog
Uskayaw
Vehumet
Wu Jian
Xom
Yredelemnul
Zin
The Shining One

Shops:
D:1 [   D:10 *


Innate Abilities, Weirdness & Mutations

You can breathe blasts of scalding, opaque steam.
Your pale cyan-grey scales are hard. (AC +7)
You cannot fit into any form of body armour.
You are cold-blooded and may be slowed by cold attacks.
You are immune to the effects of steam.
You have a pair of small horns on your head.


Message History

You punch the yaktaur captain, but do no damage.
The yaktaur captain is heavily wounded.
The yaktaur captain closely misses you.
The yaktaur captain hits itself but does no damage.
Aiming: Breathe Steam (1% risk of failure)
Press: ? - help, Shift-Dir - straight line, f - yaktaur captain
Aim: a yaktaur captain, wearing the +1 robe "Jiefer" {Str+2 Dex+3 SInv} and quivering bolts (heavily wounded, confused, 100% to hit)
You exhale a blast of scalding steam.
The ball of steam hits the yaktaur captain!
The yaktaur captain is severely wounded.
Casting: Alistair's Intoxication (dangerous; 36% risk of failure)
Confirm with . or Enter, or press ? or * to list all spells.
Aiming: Mephitic Cloud (dangerous; 16% risk of failure)
Press: ? - help, Shift-Dir - straight line, f - stone giant, p - yaktaur captain
Aim: a stone giant, quivering large rocks (chance to affect: 24%)
The ball explodes into a vile cloud!
The stinking cloud engulfs the stone giant but does no damage.
The yaktaur captain is engulfed in a cloud of scalding steam.
The yaktaur captain hits you!!
The stone giant is engulfed in noxious fumes.
You hit the yaktaur captain but do no damage.
You headbutt the yaktaur captain, but do no damage.
The yaktaur captain is severely wounded.
The stone giant is engulfed in noxious fumes.
The stone giant throws a large rock.
The large rock hits you!!!
* * * LOW HITPOINT WARNING * * *
The yaktaur captain is engulfed in a cloud of scalding steam.
The yaktaur captain misses you.
You feel much better.
The stone giant is engulfed in noxious fumes.
The yaktaur captain hits you!!
* * * LOW HITPOINT WARNING * * *
The yaktaur captain hits itself.
Casting: Mephitic Cloud (dangerous; 16% risk of failure)
Confirm with . or Enter, or press ? or * to list all spells.
You don't have enough magic to cast this spell.
Okay, then.
As you read the scroll of teleportation, it crumbles to dust.
You feel strangely unstable. The stone giant hits you!!!
You die...

....>.......#####...............
............# #...............
............# #...............
............#####...............
................................
.........######.................
.........#....#####.............
.........+§§.....###............
.........#(..§c@C[÷##...........
.........########°##########....
.........# .○# #..## ..........#
..○. #..# ..........# #.#.. #..#
..........# ##..# #..#
..........# .# #..# ..........#
. #..# .......... #..##


You could see a stone giant and a yaktaur captain (confused).

Vanquished Creatures
  A tengu reaver (D:11)
  An ogre mage (D:11)
  2 centaur warriors
  A hydra (D:11)
  3 two-headed ogres
  2 manticores
  An ugly thing (D:9)
  A cyclops (D:9)
  2 efreet (D:11)
  A troll (D:11)
  A hornet (D:9)
  A slime creature (D:8)
  2 shadows
  Sigmund (D:2)
  A wyvern (D:9)
  7 yaks
  A wraith (D:10)
  2 steam dragons (D:7)
  Grum (D:9)
  An acid dragon (D:9)
  4 water moccasins
  5 orc warriors
  3 sky beasts
  A black bear (D:5)
  4 wolves (D:9)
  2 ogres
  A necrophage (D:8)
  4 centaurs
  4 kobold brigands
  2 scorpions
  2 bullfrogs
  A water moccasin zombie (D:5)
  A wyvern skeleton (D:7)
  A wyvern zombie (D:9)
  A water moccasin skeleton (D:5)
  6 killer bees
  7 wights
  4 howler monkeys
  3 centaur zombies
  A hound (D:6)
  A centaur skeleton (D:6)
  A bullfrog skeleton (D:7)
  5 orc priests
  4 iguanas (D:6)
  4 orc wizards
  A howler monkey zombie (D:9)
  6 adders
  4 gnolls (D:4)
  A howler monkey skeleton (D:7)
  A white imp (D:5)
  An ufetubus (D:4)
  An adder skeleton (D:4)
  5 worms
  4 dart slugs (D:1)
  35 orcs
  6 ball pythons
  14 endoplasms
  10 giant cockroaches
  5 goblins
  14 hobgoblins
  8 jackals
  17 kobolds
  4 quokkas
  5 bats
  2 frilled lizards (D:2)
  14 rats
263 creatures vanquished.

Notes
Turn   | Place    | Note
-------+----------+-------------------------------------------
     0 | D:1      | Revguard the Draconian Transmuter began the quest for the
                  | Orb.
     0 | D:1      | Reached XP level 1. HP: 16/16 MP: 3/3
   128 | D:1      | Found Merih's Armour Shoppe.
   327 | D:1      | Reached XP level 2. HP: 19/23 MP: 5/5
   457 | D:1      | Learned a level 2 spell: Wereblood
   718 | D:1      | Reached XP level 3. HP: 23/29 MP: 1/6
  1042 | D:2      | Noticed Sigmund
  1065 | D:1      | Learned a level 3 spell: Spider Form
  1375 | D:2      | Reached skill level 2 in Fighting
  1422 | D:2      | Reached XP level 4. HP: 25/36 MP: 3/7
  1543 | D:2      | Found an ornate altar of the Wu Jian Council.
  1580 | D:2      | Found a faded altar of an unknown god.
  1634 | D:2      | Killed Sigmund
  1635 | D:2      | Reached skill level 1 in Poison Magic
  1635 | D:2      | Reached XP level 5. HP: 23/44 MP: 4/9
  2286 | D:3      | Reached XP level 6. HP: 46/50 MP: 10/10
  2656 | D:4      | Reached skill level 3 in Fighting
  2662 | D:4      | Learned a level 5 spell: Alistair's Intoxication
  3086 | D:4      | Identified the +7 hand axe "Kuotseur" {venom, rF+ rC+ MP+9}
  3565 | D:5      | Entered Level 5 of the Dungeon
  3673 | D:5      | Your scales start taking on a pale cyan-grey colour.
  3673 | D:5      | Reached XP level 7. HP: 35/57 MP: 8/12
  3673 | D:5      | Gained mutation: You are immune to the effects of steam.
                  | [Pale Draconian growth]
  3857 | D:5      | Found a glowing drain.
  3868 | Sewer    | Entered a sewer
  3971 | Sewer    | Found a glowing silver altar of Zin.
  3980 | Sewer    | Gained mutation: You tend to lose your temper in combat.
                  | [potion of mutation]
  3980 | Sewer    | Gained mutation: You have sharp toenails. [potion of
                  | mutation]
  3980 | Sewer    | Lost mutation: You have sharp toenails. [potion of
                  | mutation]
  3980 | Sewer    | Gained mutation: You expend magic power (3 MP) to
                  | strengthen your wands. [potion of mutation]
  4129 | D:5      | Reached skill level 4 in Fighting
  4401 | D:5      | Found a staircase to the Ecumenical Temple.
  4409 | Temple   | Entered the Ecumenical Temple
  4701 | D:6      | Reached XP level 8. HP: 59/66 MP: 14/14
  5148 | D:6      | Reached skill level 5 in Unarmed Combat
  5327 | D:6      | Reached skill level 5 in Transmutations
  5620 | D:6      | Reached skill level 5 in Fighting
  5906 | D:6      | Learned a level 3 spell: Ignite Poison
  6262 | D:7      | Noticed a manticore
  6272 | D:7      | Killed a manticore
  6273 | D:7      | Reached XP level 9. HP: 19/74 MP: 16/16
  6435 | D:7      | Learned a level 3 spell: Mephitic Cloud
  6595 | D:7      | Reached skill level 5 in Spellcasting
  6773 | D:7      | Reached skill level 1 in Air Magic
  6773 | D:7      | Reached skill level 1 in Evocations
  6842 | D:7      | Reached skill level 5 in Dodging
  7632 | D:7      | Found a bloodstained altar of Trog.
  7827 | D:8      | Reached skill level 5 in Poison Magic
  7833 | D:8      | Reached skill level 6 in Fighting
  8060 | D:8      | Reached XP level 10. HP: 77/83 MP: 16/18
  8336 | D:8      | Lost mutation: You tend to lose your temper in combat.
                  | [potion of mutation]
  8336 | D:8      | Lost mutation: You expend magic power (3 MP) to strengthen
                  | your wands. [potion of mutation]
  8336 | D:8      | Gained mutation: You have large cloven feet. [potion of
                  | mutation]
  8336 | D:8      | Lost mutation: You have large cloven feet. [potion of
                  | mutation]
  8336 | D:8      | Gained mutation: You have a pair of small horns on your
                  | head. [potion of mutation]
  9306 | D:9      | Noticed a manticore
  9307 | D:9      | Noticed a green ugly thing
  9308 | D:9      | Noticed a cyclops
  9761 | D:9      | Noticed a centaur warrior
  9767 | D:9      | Killed a green ugly thing
  9772 | D:9      | Noticed Grum
  9783 | D:10     | Entered Level 10 of the Dungeon
 10709 | D:10     | Reached skill level 7 in Fighting
 10718 | D:10     | Found Hease's General Store.
 11095 | D:10     | Noticed a two-headed ogre
 11102 | D:10     | Killed a two-headed ogre
 11379 | D:9      | Killed Grum
 11380 | D:9      | Reached XP level 11. HP: 59/92 MP: 12/20
 11380 | D:9      | Killed a centaur warrior
 11696 | D:9      | Reached skill level 5 in Evocations
 11810 | D:9      | Learned a level 6 spell: Statue Form
 11955 | D:9      | Found a staircase to the Lair.
 12214 | D:11     | Noticed a two-headed ogre
 12226 | D:11     | Killed a two-headed ogre
 12227 | D:11     | Reached skill level 5 in Air Magic
 12236 | D:11     | Reached skill level 1 in Earth Magic
 12389 | D:11     | Noticed a two-headed ogre
 12399 | D:11     | Killed a two-headed ogre
 12768 | D:11     | Noticed a centaur warrior
 12769 | D:11     | Noticed a four-headed hydra
 12782 | D:11     | Killed a centaur warrior
 12787 | D:11     | Killed a four-headed hydra
 12923 | D:11     | Noticed an ogre mage
 12923 | D:11     | Noticed a tengu reaver
 12932 | D:11     | Killed an ogre mage
 12932 | D:11     | Killed a tengu reaver
 12933 | D:11     | Reached skill level 8 in Fighting
 13135 | D:11     | Noticed a stone giant
 13136 | D:11     | Identified the +1 robe "Jiefer" {Str+2 Dex+3 SInv}
 13136 | D:11     | Noticed a yaktaur captain
 13150 | D:11     | Mangled by a stone giant

Illustrated notes

Levels and vault maps discovered:
D:1:      dpeg_arrival_round_c, layout_basic, serial_shops, shop_statue,
          minmay_small_reverse_x
D:2:      layout_basic, basic_altar, ebering_ecumenical_altar_hall, uniq_sigmund
D:3:      layout_rooms, corexii_item_surrounded_by_moat, st_stairs_4
D:4:      layout_rooms
D:5:      layout_rooms, minmay_temple_entry_mist, portal_sewer_entry_e
D:6:      layout_basic
D:7:      layout_loops_ring, lemuel_doored_altar
D:8:      layout_layer_cave
D:9:      minmay_the_grid_four_pointed_star_mashed
          [minmay_the_grid_triangle_9x9_alien,
          minmay_the_grid_triangle_9x9_from_above,
          minmay_the_grid_triangle_9x9_negative_grid,
          minmay_the_grid_triangle_9x9_intruding_spiral,
          minmay_the_grid_prize_big_room], layout_rooms, enter_bailey_6,
          uniq_grum
D:10:     layout_basic, minmay_shop_grid_forest
D:11:     minmay_sliced_demisemicircle, layout_small_grid
Temple:   kilobyte_greek_temple

Skill      XL: |  1  2  3  4  5  6  7  8  9 10 11 |
---------------+----------------------------------+-----
Dodging        | 2 3 4 5 6 7 |  7.1
Fighting       | 2 3 4 5 6 7 8 |  8.1
Transmutations | 3 4 5 6 7 |  7.7
Poison Magic   | 1 2 3 4 5 6 |  6.4
Spellcasting   | 3 4 5 6 7 |  7.1
Unarmed Combat | 4 5 6 7 |  7.8
Air Magic      | 2 4 5 |  5.8
Evocations     | 2 4 5 |  5.9
Earth Magic    | 2 |  2.6

Action                   |  1- 3 |  4- 6 |  7- 9 | 10-12 || total
-------------------------+-------+-------+-------+-------++-------
Melee: Unarmed           |   138 |   240 |   254 |   194 ||   826
       Tailslap          |    16 |    29 |    36 |    36 ||   117
       Kick              |     9 |    26 |    30 |     2 ||    67
       Headbutt          |     4 |    20 |    11 |    57 ||    92
       Punch             |     1 |     5 |     8 |    13 ||    27
 Cast: Beastly Appendage |     6 |    11 |     9 |     2 ||    28
       Wereblood         |     1 |     9 |     4 |     9 ||    23
       Spider Form       |       |     2 |       |     1 ||     3
       Mephitic Cloud    |       |       |       |    28 ||    28
       Ignite Poison     |       |       |       |    17 ||    17
       Alistair's Intoxi |       |       |       |     2 ||     2
 Abil: Breathe Steam     |       |       |    21 |    34 ||    55
Evoke: Wand              |       |       |       |    12 ||    12
  Use: Potion            |     3 |     4 |     4 |     6 ||    17
       Scroll            |     1 |     8 |     5 |     8 ||    22
 Stab: Sleeping          |     1 |     2 |       |       ||     3
       Distracted        |     1 |       |       |       ||     1
       Confused          |       |       |       |     2 ||     2
Armor: Skin              |    67 |    83 |    66 |   127 ||   343
Dodge: Dodged            |   129 |   160 |   157 |   239 ||   685
